AoeStats
← bougiebirds

African Clearing

503946071Analyzed
2v2 RM · 1mo ago on Sep 3, 2026· 45m 58s· 4 players
Game mode
Random Map
Map size
Medium (4 player)
Population
200
Speed
Normal
Resources
Standard
Victory
Conquest
Starting age
Dark Age
Ending age
Imperial Age
RankedLock teamsTeams togetherTeam positionsShared explorationLock speedFull tech treeHidden civsTurbo modeCheats
Victory
Defeat
🇧🇷 Hindustanis · Brazil
1437
+15
🇧🇷 Mapuche · Brazil
1422
+15
🇺🇸 Muisca · United States
1485
-31
🇺🇸 Mongols · United States
1337
-12
Head_Of_The_School
13:02 Feudal Age
12:28 Loom
17:42 Castle Age
15:38 Fletching
15:48 Double-Bit Axe
18:28 Bodkin Arrow
19:11 Padded Archer Armor
20:51 Horse Collar
28:35 Bow Saw
30:58 Ballistics
31:33 Leather Archer Armor
34:21 Heavy Plow
38:06 Herbalism
38:32 Scale Mail Armor
41:28 Imperial Age
38:50 Champi Runner
39:31 Squires
39:53 Chain Mail Armor
41:04 Wheelbarrow
41:16 Forging
40:35 Champi Warrior
42:31 Bracer
42:22 Elite Champi Warrior
43:51 Conscription
44:51 Chemistry
43:46 Elite Guecha Warrior
45:10 Plate Mail Armor
45:44 Iron Casting
bougiebirds
10:53 Feudal Age
14:08 Loom
16:55 Double-Bit Axe
16:51 Horse Collar
32:13 Castle Age
32:50 Fletching
33:01 Padded Archer Armor
33:04 Husbandry
35:17 Wheelbarrow
34:28 Town Watch
36:13 Bow Saw
37:19 Bodkin Arrow
39:15 Gold Mining
42:55 Leather Archer Armor
43:04 Ballistics
43:15 Bloodlines
[Massa] Edo
8:38 Loom
11:17 Feudal Age
11:48 Double-Bit Axe
16:28 Horse Collar
17:38 Forging
19:58 Scale Barding Armor
22:11 Wheelbarrow
25:48 Castle Age
25:11 Bloodlines
25:04 Gold Mining
25:51 Light Cavalry
26:36 Husbandry
27:07 Chain Barding Armor
28:02 Bow Saw
28:35 Iron Casting
30:30 Heavy Plow
31:06 Gold Shaft Mining
34:20 Scale Mail Armor
34:21 Squires
34:07 Arson
40:22 Imperial Age
38:25 Chain Mail Armor
39:00 Stone Mining
41:31 Conscription
42:29 Blast Furnace
41:09 Elite Ghulam
44:27 Plate Barding Armor
43:54 Fletching
tg
11:37 Loom
13:51 Feudal Age
17:29 Castle Age
17:54 Double-Bit Axe
24:42 Town Watch
29:56 Horse Collar
36:05 Fletching
39:02 Bodkin Arrow
39:52 Bow Saw
42:53 Ballistics
45:06 Imperial Age
44:03 Wheelbarrow
44:12 Padded Archer Armor
43:56 Treadmill Crane
44:20 Heavy Plow
45:29 Elite Bolas Rider
Connection lost

Rejoining the realm…

Still unreachable

The connection could not be restored.

Session expired

The server has moved on; the page needs a fresh start.